 Dungeon Crawl Stone Soup version 0.22-a0-32-ga749362 (webtiles) character file.

161171 Gorice the Severer (level 17, -8/158 HPs)
             Began as a Hill Orc Fighter on Jan 3, 2018.
             Was the Champion of Beogh.
             Killed from afar by a merfolk aquamancer (37 damage)
             ... with a shard of ice
             ... on level 2 of the Shoals.
             The game lasted 02:27:02 (36120 turns).

Gorice the Severer (Hill Orc Fighter)              Turns: 36120, Time: 02:27:05

Health: -8/158     AC: 32    Str: 22    XL:     17   Next: 78%
Magic:  26/26      EV: 11    Int:  9    God:    Beogh [******]
Gold:   783        SH:  4    Dex: 10    Spells: 8/16 levels left

rFire    + + .     SeeInvis .   a - +8 mithril axe "Arga" {speed, MR+}
rCold    . . .     Gourm    .   W - +0 buckler {AC+3}
rNeg     + . .     Faith    +   j - +1 plate armour "Puvyvvoute" {+Inv rF++ rN+ Int-3}
rPois    +         Spirit   .   (no helmet)
rElec    +         Reflect  .   s - +0 cloak "Acwaul" {rElec rPois}
rCorr    .         Harm     .   t - +2 pair of gloves
MR       +++..                  g - +0 pair of boots
Stlth    ..........             S - amulet of faith {!P}
HPRegen  0.36/turn              p - +4 ring of protection
MPRegen  0.20/turn              D - ring of protection from magic

@: drained
A: walk on water
a: Smiting, Recall Orcish Followers, Give Item to Named Follower, Resurrection,
Renounce Religion, Evoke Invisibility


You were on level 2 of the Shoals.
You worshipped Beogh.
Beogh was exalted by your worship.
You were not hungry.

You visited 6 branches of the dungeon, and saw 29 of its levels.
You also visited: Ossuary and Ice Cave.

You collected 2092 gold pieces.
You spent 1309 gold pieces at shops.

Inventory:

Hand Weapons
 a - the +8 mithril axe "Arga" (weapon) {speed, MR+}
   (You acquired it on level 11 of the Dungeon)

   Attacks with this weapon are significantly faster.
   It affects your resistance to hostile enchantments.
 b - a +1 broad axe of flaming
   (You found it on level 6 of the Lair of Beasts)
Missiles
 e - 7 poisoned tomahawks
 r - 14 tomahawks
 u - 25 javelins (quivered)
 Z - a throwing net
Armour
 g - a +0 pair of boots (worn)
 j - the +1 plate armour "Puvyvvoute" (worn) {+Inv rF++ rN+ Int-3}
   (You bought it in a shop on level 2 of the Orcish Mines)

   It affects your intelligence (-3).
   It greatly protects you from fire.
   It protects you from negative energy.
   It lets you turn invisible.
 s - the +0 cloak "Acwaul" (worn) {rElec rPois}
   (You acquired it on level 1 of the Shoals)

   It insulates you from electricity.
   It protects you from poison.
 t - a +2 pair of gloves (worn)
 x - a scarf of repulsion
   (You acquired it on level 1 of the Lair of Beasts)
 W - a +0 buckler of protection (worn)
   (You took it off a tengu warrior on level 10 of the Dungeon)
Jewellery
 c - an uncursed ring of protection from cold
 f - an uncursed ring of protection from fire
 m - an uncursed ring of protection from magic
 p - a +4 ring of protection (left hand)
 D - a ring of protection from magic (right hand)
 P - an uncursed ring of poison resistance
 S - an amulet of faith (around neck) {!P}
Wands
 i - a wand of iceblast (34)
 k - a wand of digging (19)
 B - a wand of flame (12)
 U - a wand of acid (12)
Scrolls
 h - 5 scrolls of identify
 v - 15 scrolls of remove curse
 y - a scroll of enchant armour
 A - a scroll of blinking
 G - a scroll of magic mapping {!r}
 H - 6 scrolls of fog
 M - 3 scrolls of fear {!r}
 R - 13 scrolls of teleportation {!r}
Potions
 d - 5 potions of might {!q}
 l - 4 potions of agility {!q}
 n - 3 potions of cancellation {!q}
 q - 4 potions of haste {!q}
 w - 11 potions of curing
 z - 3 potions of berserk rage
 C - a potion of mutation {!q}
 J - 3 potions of heal wounds {!q}
Miscellaneous
 L - a lightning rod (4/4) {!a}
Comestibles
 o - 9 chunks of flesh
 O - 34 rations


   Skills:
 + Level 16.1(15.9) Fighting
 - Level 18.6(18.4) Axes
 + Level 2.4(2.3) Throwing
 - Level 16.0(15.8) Armour
 - Level 10.0(9.8) Dodging
 - Level 4.0(3.9) Shields
 + Level 12.1(11.9) Invocations
 - Level 12.0(11.8) Evocations


You had 8 spell levels left.
You knew the following spells:

 Your Spells              Type           Power        Failure   Level  Hunger
w - Spectral Weapon       Hex/Chrm       #.......     100%        3    ####...
J - Blink                 Tloc           N/A          99%         2    ###....
R - Regeneration          Chrm/Necr      #.........   100%        3    ####...


Dungeon Overview and Level Annotations

Branches:
Dungeon (15/15)            Temple (1/1) D:7            Lair (6/6) D:11
 Shoals (2/4) Lair:2        Snake (3/4) Lair:4        Slime (0/5) Lair:5
    Orc (2/2) D:9             Elf (0/3) Orc:2        Vaults (0/5) D:13
 Depths (0/5) D:15

Altars:
Ashenzari
Cheibriados
Dithmenos
Elyvilon
Fedhas
Gozag
Hepliaklqana
Kikubaaqudgha
Makhleb
Nemelex Xobeh
Okawaru
Qazlal
Ru
Sif Muna
Trog
Uskayaw
Vehumet
Wu Jian
Xom
Yredelemnul
Zin
The Shining One
Beogh
Jiyva

Shops:
D:11 *!*(%   D:14 *   D:15 *   Orc:1 (   Orc:2 [*=(

Annotations:
Lair:4 vpUX: 2 oklobs, minor loot, exclusion: 2 oklob plants


Message History

The merfolk throws a throwing net.
The throwing net hits you.
You become entangled in the net!
The merfolk aquamancer casts a spell at you.
The torrent of water hits you!
You are knocked back by the torrent of water.
You collide with Horkud!
The wave splashes down.
The water nymph points at you and mumbles some strange words.
The water swirls and strikes you!
* * * LOW HITPOINT WARNING * * *
You hear a shout! x3
You see here a throwing net.
Damage: 42 (max 42) Unknown command.
You struggle against the net.
The merfolk hits you from afar with a trident!
* * * LOW HITPOINT WARNING * * *
Horkud begins to cast a cantrip, but forgets the words!
The merfolk aquamancer hits you but does no damage.
You partially resist.
You feel drained. The water elemental hits you!
* * * LOW HITPOINT WARNING * * *
The water elemental engulfs you in water!
Some of the chunks of flesh in your inventory have rotted away.
You tear a large gash into the net.
* * * LOW HITPOINT WARNING * * *
Your lungs strain for air!
Horkud invokes the aid of Beogh against the merfolk aquamancer.
The merfolk aquamancer is smitten.
The merfolk barely misses you.
The merfolk aquamancer closely misses you.
The water elemental hits you.
* * * LOW HITPOINT WARNING * * *
You rip the net and break free!
* * * LOW HITPOINT WARNING * * *
Your lungs strain for air!
You hear a splash.
The water nymph points at you and mumbles some strange words.
The water swirls and strikes you!
The merfolk hits you but does no damage.
The merfolk aquamancer casts a spell at you.
The shard of ice hits you!
* * * LOW HITPOINT WARNING * * *
You block the water elemental's attack.
Unknown command.
With effort, you pull free of the water engulfing you.
You swap places.
You gasp with relief as air once again reaches your lungs.
The dream sheep ruffles its wool and motes of dream dust sparkle, to no effect.
The water elemental misses you.
The merfolk aquamancer gestures at you while chanting.
The shard of ice hits you!
You die...

≈P≈≈≈≈≈≈≈≈≈≈≈≈P≈≈≈≈≈≈
≈≈≈≈E≈≈≈≈≈.≈≈≈≈≈≈≈≈≈≈≈≈≈
≈≈≈..≈≈≈≈.o≈.≈≈≈≈≈≈≈≈≈≈≈
≈≈≈.m.......PPPPPP≈≈PP≈≈
≈≈≈..#####Y#.ooP)≈≈P≈P..
≈≈≈≈m####.###.≈.≈≈≈≈≈...
≈≈≈≈≈..≈m.###.P≈≈≈≈P(...
..≈..Pmo≈..PP.P≈≈≈≈≈≈(..
.....≈E@≈.#PPP.≈≈≈≈≈≈≈≈≈
≈.≈≈.≈≈≈PP##...≈≈≈≈≈≈..(
≈≈≈m≈≈≈≈......≈≈≈≈≈≈≈≈..
≈≈≈≈....P.≈≈P≈≈≈≈≈≈≈≈≈..
.≈.......≈≈P≈≈≈≈≈≈≈≈.≈≈≈
#..<.###..≈P≈≈≈≈≈≈≈...≈≈
#.... #.>≈≈≈≈≈≈≈≈≈.##..
#.≈≈. #.≈≈≈≈≈≈≈... ##.
..# ##


You could see a merfolk aquamancer, 2 merfolk, a water elemental, a water nymph,
a dream sheep and the friendly Horkud the orc priest.

Vanquished Creatures
  Vashnia (Snake:2)
  A tentacled monstrosity (D:14)
  Agnes (Lair:4)
  A nagaraja (Snake:2)
  Louise (D:14)
  The ghost of Gorice the Severer, a journeyman HOFi of Beogh (Lair:6)
  A merfolk javelineer (Shoals:1)
  Fannar (Lair:1)
  4 merfolk impalers
  9 hydras
  3 catoblepae (Lair:6)
  A rakshasa (D:15)
  8 naga warriors
  3 centaur warriors
  2 alligator snapping turtles
  5 anacondas
  3 merfolk aquamancers
  2 merfolk avatars (Shoals:1)
  3 two-headed ogres
  7 death yaks
  2 orc high priests (Orc:2)
  A tengu warrior (D:10)
  2 shock serpents (Snake:3)
  6 naga sharpshooters
  A salamander mystic (Snake:1)
  An unseen horror (D:14)
  6 sea snakes
  3 naga ritualists
  A glowing orange brain (D:15)
  An orc knight (Orc:2)
  9 harpies (Shoals:2)
  A wizard (D:13)
  A necromancer (IceCv)
  5 mana vipers
  A deep elf mage (D:13)
  3 cyclopes
  4 orc sorcerers
  6 ugly things
  12 manticores
  3 salamanders
  3 fauns
  2 ice statues (IceCv)
  The ghost of Gorglomux the Shield-Bearer, a novice DDFi of Makhleb (D:6)
  A guardian serpent (shapeshifter) (D:15)
  23 black mambas
  4 merfolk sirens
  A water nymph (Shoals:1)
  A guardian serpent (Snake:3)
  15 spiny frogs
  7 naga magi
  4 rime drakes
  6 komodo dragons
  4 yaktaurs (D:15)
  9 ice devils (IceCv)
  3 demonic crawlers (D:14)
  2 efreet (D:15)
  A queen bee (shapeshifter) (D:15)
  7 trolls
  9 merfolk
  2 polar bears
  21 hippogriffs
  12 slime creatures
  12 blink frogs
  4 snapping turtles
  A spriggan (D:11)
  2 vampires (D:14)
  7 wyverns
  7 water elementals
  8 basilisks
  3 shadows
  66 yaks
  2 vampire mosquitoes (D:14)
  A chaos spawn (D:14)
  A steam dragon (D:10)
  A large abomination (D:14)
  A soldier ant (shapeshifter) (D:15)
  A warg (Orc:2)
  23 nagas
  An acid dragon (D:11)
  9 water moccasins
  2 soldier ants
  7 porcupines
  7 orc warriors
  2 ice beasts
  A black bear (D:10)
  5 sky beasts
  5 small abominations (D:14)
  12 centaurs
  6 ogres
  10 crocodiles
  4 wolves (Lair:5)
  A big kobold (D:11)
  9 bullfrogs
  2 gnoll sergeants
  A water moccasin zombie (D:5)
  2 wyvern skeletons
  17 scorpions
  14 killer bees
  8 wights
  2 howler monkeys
  2 electric eels (Lair:2)
  3 bullfrog zombies
  3 crimson imps
  7 centaur zombies
  5 draconian simulacra (IceCv)
  3 human zombies (Ossuary)
  3 jellies
  13 orc wizards
  4 orc priests
  6 hounds
  9 centaur skeletons
  Ijyb (D:3)
  An iguana (shapeshifter) (D:15)
  3 iguanas
  5 worker ants
  A troll simulacrum (IceCv)
  2 big kobold zombies (Ossuary)
  A centaur simulacrum (IceCv)
  3 mummies (Ossuary)
  2 worker ant zombies
  12 adders
  13 gnolls
  A naga simulacrum (IceCv)
  4 scorpion zombies (Ossuary)
  An ogre simulacrum (IceCv)
  3 shadow imps
  An adder skeleton (D:8)
  An adder zombie (D:8)
  5 worms
  A dart slug (D:1)
  8 leopard geckos
  26 orcs
  5 ball pythons
  4 giant cockroaches
  11 goblins
  13 hobgoblins
  22 jackals
  2 quokkas
  10 bats
  4 frilled lizards
  2 gnoll zombies (Ossuary)
  2 goblin zombies (Ossuary)
  2 hobgoblin zombies (Ossuary)
  10 kobolds
  2 leopard gecko skeletons
  2 orc zombies (Ossuary)
  6 rats
  A bush (Lair:3)
  A fungus (Lair:5)
  4 plants
788 creatures vanquished.

Vanquished Creatures (collateral kills)
  Rupert (D:12)
  An orc warlord (Orc:2)
  Aizul (Snake:2)
  A very ugly thing (D:14)
  Snorg (Orc:2)
  The ghost of Gorglomux the Cleaver, a journeyman DDFi of Makhleb (D:14)
  A hydra (D:11)
  2 centaur warriors (D:14)
  3 two-headed ogres
  2 tengu warriors
  2 death yaks (Lair:5)
  2 naga sharpshooters (Snake:2)
  2 orc high priests (Orc:2)
  2 naga ritualists (Snake:2)
  An ugly thing (D:12)
  A mana viper (Snake:2)
  A lindwurm (D:13)
  A manticore (D:14)
  An orc sorcerer (Orc:1)
  A deep elf mage (D:12)
  2 slime creatures (D:14)
  Maurice (D:12)
  3 naga magi
  A spiny frog (Lair:1)
  A gargoyle (D:12)
  An efreet (D:12)
  A queen bee (Lair:1)
  4 trolls
  A blink frog (Lair:5)
  4 hippogriffs
  2 wyverns
  7 yaks
  A vampire (D:14)
  2 vampire mosquitoes (D:14)
  A human (D:9)
  4 wargs
  2 hungry ghosts
  3 nagas (Snake:2)
  A soldier ant (D:11)
  A water moccasin (D:12)
  An ice beast (D:9)
  An eye of draining (D:11)
  A phantom (D:10)
  A necrophage (D:12)
  4 orc warriors
  3 ogres
  4 centaurs
  2 bullfrogs
  A wyvern skeleton (D:9)
  14 killer bees
  5 wights (D:10)
  A howler monkey (D:10)
  A crimson imp (D:10)
  2 hounds
  A bullfrog zombie (D:10)
  5 orc wizards
  4 orc priests
  A centaur skeleton (D:10)
  A troll simulacrum (IceCv)
  A hound skeleton (D:10)
  2 gnolls
  A shadow imp (D:11)
  A leopard gecko (D:11)
  10 orcs
  2 goblins (D:9)
  A kobold (D:11)
  5 fungi
  A plant (D:7)
148 creatures vanquished.

Vanquished Creatures (others)
  5 orc knights
  An orc sorcerer (Orc:2)
  21 orc warriors
  13 orc priests
  17 orc wizards
  An ooze (D:2)
  65 orcs
  A giant cockroach (D:2)
  A hobgoblin (D:2)
  A rat (D:2)
  19 fungi
  12 plants
157 creatures vanquished.

Grand Total: 1093 creatures vanquished

Notes
Turn   | Place    | Note
-------+----------+-------------------------------------------
     0 | D:1      | Gorice the Hill Orc Fighter began the quest for the Orb.
     0 | D:1      | Reached XP level 1. HP: 19/19 MP: 1/1
    47 | D:1      | Reached skill level 3 in Axes
   125 | D:1      | Reached XP level 2. HP: 12/26 MP: 2/2
   467 | D:1      | Reached skill level 4 in Axes
   519 | D:1      | Reached XP level 3. HP: 31/31 MP: 3/3
   788 | D:2      | Reached skill level 4 in Armour
   790 | D:2      | Reached XP level 4. HP: 14/39 MP: 4/4
   820 | D:2      | HP: 9/39 [leopard gecko (4)]
   849 | D:2      | HP: 11/39 [hobgoblin/club (2)]
   952 | D:2      | Reached skill level 5 in Axes
  1684 | D:3      | Noticed Ijyb
  1721 | D:3      | Killed Ijyb
  1721 | D:3      | Reached XP level 5. HP: 43/45 MP: 5/5
  1900 | D:3      | Reached skill level 6 in Axes
  2261 | D:3      | Found a shadowy altar of Dithmenos.
  2262 | D:3      | Found a basalt altar of Yredelemnul.
  2339 | D:3      | Reached XP level 6. HP: 36/51 MP: 6/6
  2441 | D:3      | Found a glowing golden altar of the Shining One.
  2551 | D:3      | Reached skill level 5 in Armour
  2572 | D:3      | Reached skill level 7 in Axes
  3141 | D:4      | Found a sand-covered staircase.
  3144 | D:4      | Became a worshipper of Beogh the Brigand
  3150 | Ossuary  | Entered an ossuary
  3277 | Ossuary  | Reached skill level 8 in Axes
  3277 | Ossuary  | Reached XP level 7. HP: 43/57 MP: 7/7
  3486 | Ossuary  | HP: 15/57 [scorpion (5)]
  3491 | Ossuary  | HP: 12/57 [poisoned by a scorpion]
  3497 | Ossuary  | HP: 10/57 [poisoned by a scorpion]
  3503 | Ossuary  | HP: 9/57 [poisoned by a scorpion]
  3511 | Ossuary  | HP: 9/57 [poisoned by a scorpion]
  3628 | Ossuary  | Reached skill level 9 in Axes
  3628 | Ossuary  | Reached skill level 6 in Armour
  3883 | Ossuary  | Reached XP level 8. HP: 50/64 MP: 8/8
  3894 | Ossuary  | Reached * piety under Beogh
  3907 | Ossuary  | Reached skill level 10 in Axes
  4264 | Ossuary  | Reached skill level 7 in Armour
  4892 | D:4      | Reached skill level 11 in Axes
  5055 | D:5      | Entered Level 5 of the Dungeon
  5257 | D:5      | Reached ** piety under Beogh
  5479 | D:5      | HP: 16/64 [acid (14)]
  5480 | D:5      | Reached XP level 9. HP: 17/70 MP: 9/9
  5778 | D:5      | Found a snail-covered altar of Cheibriados.
  5937 | D:5      | Reached skill level 12 in Axes
  6072 | D:6      | Reached skill level 8 in Armour
  6110 | D:6      | Noticed Gorglomux's ghost (novice DDFi)
  6125 | D:6      | Killed Gorglomux's ghost
  6392 | D:6      | Reached skill level 13 in Axes
  6666 | D:6      | Reached *** piety under Beogh
  6907 | D:6      | Reached skill level 9 in Armour
  7399 | D:7      | Found a staircase to the Ecumenical Temple.
  7415 | Temple   | Entered the Ecumenical Temple
  7716 | D:7      | Reached skill level 14 in Axes
  7745 | D:7      | Reached XP level 10. HP: 39/77 MP: 10/10
  8258 | D:7      | Noticed a two-headed ogre
  8264 | D:7      | Killed a two-headed ogre
  8437 | D:7      | Found a burning altar of Makhleb.
  8574 | D:8      | Noticed a two-headed ogre
  8587 | D:8      | Killed a two-headed ogre
  8587 | D:8      | Reached skill level 15 in Axes
  8587 | D:8      | Reached skill level 10 in Armour
  9540 | D:9      | Reached **** piety under Beogh
  9566 | D:9      | Found a staircase to the Orcish Mines.
 10124 | D:10     | Entered Level 10 of the Dungeon
 10151 | D:10     | Noticed a tengu warrior
 10151 | D:10     | Noticed a tengu warrior
 10159 | D:10     | Reached skill level 16 in Axes
 10159 | D:10     | HP: 18/77 [tengu warrior/great sword of electrocution (17)]
 10164 | D:10     | Gained Murdo as an ally
 10167 | D:10     | Killed a tengu warrior
 10167 | D:10     | Reached XP level 11. HP: 21/82 MP: 11/11
 10168 | D:10     | Killed a tengu warrior
 10168 | D:10     | Reached skill level 11 in Armour
 10178 | D:10     | HP: 21/82 [yak (2)]
 10595 | D:10     | Reached skill level 17 in Axes
 10838 | D:10     | Noticed a two-headed ogre
 10842 | D:10     | Killed a two-headed ogre
 10922 | D:10     | Reached ***** piety under Beogh
 11275 | D:11     | Found Xuckeonn's Distillery.
 11281 | D:11     | Bought a potion of degeneration for 11 gold pieces
 11281 | D:11     | Bought a potion of invisibility for 88 gold pieces
 11419 | D:11     | Found Rarghi's Food Shoppe.
 11438 | D:11     | Found Ulaje's Weapon Shoppe.
 11496 | D:11     | Found Ycwoone's Assorted Antiques.
 11505 | D:11     | Reached skill level 18 in Axes
 11588 | D:11     | Noticed a two-headed ogre
 11600 | D:11     | Killed a two-headed ogre
 11600 | D:11     | Reached skill level 12 in Armour
 11938 | D:11     | Noticed a six-headed hydra
 11946 | D:11     | Killed a six-headed hydra
 11946 | D:11     | Reached XP level 12. HP: 58/90 MP: 12/12
 11950 | D:11     | Learned a level 2 spell: Blink
 12096 | D:11     | Found Qeawkase's Assorted Antiques.
 12178 | D:11     | Found a staircase to the Lair.
 12330 | D:11     | Identified a scroll of acquirement
 12331 | D:11     | Found the +8 mithril axe "Arga" {speed, MR+}
 12625 | Lair:1   | Entered Level 1 of the Lair of Beasts
 12674 | Lair:1   | Reached skill level 1 in Invocations
 12677 | Lair:1   | Reached skill level 4 in Fighting
 12710 | Lair:1   | Reached skill level 2 in Invocations
 12868 | Lair:1   | Reached skill level 4 in Shields
 12955 | Lair:1   | Noticed Fannar
 12973 | Lair:1   | Reached skill level 3 in Invocations
 12981 | Lair:1   | Killed Fannar
 12981 | Lair:1   | Reached skill level 5 in Fighting
 13341 | Lair:1   | Reached skill level 4 in Invocations
 13848 | Lair:2   | Found a hazy altar of Hepliaklqana.
 14759 | Lair:2   | Found a staircase to the Shoals.
 14918 | Lair:3   | Reached skill level 6 in Fighting
 14944 | Lair:3   | Reached skill level 5 in Invocations
 15184 | Lair:3   | Noticed an eight-headed hydra
 15198 | Lair:3   | HP: 20/96 [eight-headed hydra (11)]
 15199 | Lair:3   | Killed an eight-headed hydra
 15199 | Lair:3   | Reached skill level 13 in Armour
 15200 | Lair:3   | You fall through a shaft!
 15369 | Lair:4   | Noticed a five-headed hydra
 15566 | Lair:3   | Reached skill level 6 in Invocations
 15976 | Lair:3   | Reached skill level 7 in Fighting
 16197 | Lair:4   | Noticed a four-headed hydra
 16206 | Lair:4   | Killed a four-headed hydra
 16281 | Lair:4   | Found a staircase to the Snake Pit.
 16284 | Lair:4   | Noticed a four-headed hydra
 16295 | Lair:4   | Killed a four-headed hydra
 16295 | Lair:4   | Reached skill level 7 in Invocations
 16295 | Lair:4   | Reached XP level 13. HP: 103/107 MP: 8/18
 16334 | Lair:4   | Reached skill level 8 in Fighting
 16366 | Lair:4   | HP: 23/107 [six-headed hydra (10)]
 16367 | Lair:4   | HP: 8/107 [six-headed hydra (4)]
 16762 | Lair:3   | Reached skill level 8 in Invocations
 16895 | Lair:4   | Reached skill level 1 in Evocations
 17047 | Lair:3   | Reached skill level 2 in Evocations
 17284 | Lair:3   | Reached skill level 9 in Fighting
 17345 | Lair:4   | Reached skill level 14 in Armour
 17478 | Lair:4   | Reached skill level 3 in Evocations
 18150 | Lair:5   | Found a staircase to the Slime Pits.
 18150 | Lair:5   | Found a viscous altar of Jiyva.
 18210 | Lair:5   | Reached skill level 4 in Evocations
 18237 | Lair:5   | Found a frozen archway.
 18251 | IceCv    | Entered an ice cave
 18397 | IceCv    | Reached skill level 10 in Fighting
 18665 | IceCv    | Found the +7 Singing Sword
 18744 | Lair:5   | Reached skill level 5 in Evocations
 19056 | Lair:5   | Reached XP level 14. HP: 122/122 MP: 20/20
 19544 | Lair:5   | Reached skill level 11 in Fighting
 19544 | Lair:5   | Reached skill level 6 in Evocations
 19753 | Lair:6   | Entered Level 6 of the Lair of Beasts
 19764 | Lair:6   | Noticed Gorice's ghost (journeyman HOFi)
 19773 | Lair:5   | Reached skill level 15 in Armour
 20324 | Lair:6   | --yay, broad axe of flaming!
 20324 | Lair:6   | --bet I've seen the last hydra I'll see now!
 20356 | Lair:5   | Reached skill level 7 in Evocations
 21290 | Lair:6   | Reached skill level 12 in Fighting
 21352 | Lair:6   | Killed Gorice's ghost
 21612 | Lair:6   | Reached ****** piety under Beogh
 21713 | Lair:6   | Reached skill level 8 in Evocations
 21726 | Lair:6   | Gained Norbak as an ally
 21733 | Lair:6   | Your ally Norbak died
 21793 | Lair:6   | Gained Boldo as an ally
 22108 | Lair:6   | Got a transparent large shield
 22255 | Lair:1   | Identified the cursed +0 large shield "Edu Nuci" {rC++ Stlth-} (You found it on level 6 of the Lair of Beasts)
 22567 | Orc:1    | Entered Level 1 of the Orcish Mines
 22817 | Orc:2    | Entered Level 2 of the Orcish Mines
 22817 | Orc:2    | Found a staircase to the Elven Halls.
 22817 | Orc:2    | Found Yxkoqoyb's Jewellery Emporium.
 23099 | Orc:2    | Reached XP level 15. HP: 132/134 MP: 21/21
 23164 | Orc:2    | Bought a cursed amulet of inaccuracy for 24 gold pieces
 23223 | Orc:2    | Gained Argrim as an ally
 23280 | Orc:2    | Found Zinguip's Antique Weapon Boutique.
 23293 | Orc:2    | Reached skill level 16 in Armour
 23363 | Orc:2    | Reached skill level 9 in Invocations
 23374 | Orc:2    | Found Ruppup's General Store.
 23483 | Orc:2    | Noticed an orc warlord
 23492 | Orc:2    | Killed an orc warlord
 23523 | Orc:2    | Reached skill level 13 in Fighting
 23523 | Orc:2    | Reached skill level 1 in Dodging
 23569 | Orc:2    | Noticed Snorg
 23583 | Orc:2    | Killed Snorg
 23615 | Orc:2    | Found Qypicoass's Antique Armour Emporium.
 23623 | Orc:2    | Bought a pair of boots for 112 gold pieces
 23623 | Orc:2    | Bought a pair of glowing gloves for 187 gold pieces
 23638 | Orc:2    | Bought a pair of embroidered gloves for 187 gold pieces
 23857 | Orc:1    | Found Pypesoirr's Antique Weapon Emporium.
 23860 | Orc:1    | Found a bloodstained altar of Trog.
 24071 | Orc:2    | Gained Orkwin as an ally
 24085 | Orc:2    | Found a roughly hewn altar of Beogh.
 24129 | Orc:2    | Bought a polished plate armour for 700 gold pieces
 24130 | Orc:2    | Identified the +1 plate armour "Puvyvvoute" {+Inv rF++ rN+ Int-3} (You bought it in a shop on level 2 of the Orcish Mines)
 24398 | D:12     | Reached skill level 2 in Dodging
 24471 | D:12     | Noticed Rupert
 24495 | D:12     | Killed Rupert
 24497 | D:12     | Gained Bogfrid as an ally
 24600 | D:12     | Reached skill level 10 in Invocations
 24636 | D:12     | Noticed Maurice
 24645 | D:12     | Killed Maurice
 24688 | D:12     | Learned a level 3 spell: Regeneration
 24692 | D:12     | Learned a level 3 spell: Spectral Weapon
 24976 | D:12     | Reached skill level 3 in Dodging
 25387 | D:13     | Gained Bogbarth as an ally
 25399 | D:13     | Gained Bogric as an ally
 25859 | D:13     | Found a gate to the Vaults.
 26092 | D:14     | Reached skill level 4 in Dodging
 26092 | D:14     | Reached skill level 11 in Invocations
 26140 | D:14     | Reached skill level 14 in Fighting
 26184 | D:14     | Noticed Urug
 26268 | D:14     | Noticed Gorglomux's ghost (journeyman DDFi)
 26278 | D:14     | Killed Gorglomux's ghost
 26310 | D:14     | Noticed Louise
 26326 | D:14     | Killed Louise
 26495 | D:14     | Found a runed door.
 26642 | D:14     | Found Digeo's Blood Bar.
 26769 | D:14     | Noticed a tentacled monstrosity
 26769 | D:14     | Gained Orkwin as an ally
 26793 | D:14     | Killed a tentacled monstrosity
 26796 | D:14     | Reached skill level 5 in Dodging
 26823 | D:14     | HP: 33/139 [cyan very ugly thing (26)]
 26831 | D:14     | Your ally Orkwin died
 27449 | D:15     | Entered Level 15 of the Dungeon
 27516 | D:15     | Reached XP level 16. HP: 137/147 MP: 24/24
 27545 | D:15     | Reached skill level 12 in Invocations
 27613 | D:15     | Found a staircase to the Depths.
 27897 | D:15     | Reached skill level 15 in Fighting
 28060 | D:15     | Found Teitum's Changing Room.
 28278 | D:13     | Reached skill level 6 in Dodging
 28437 | Snake:1  | Entered Level 1 of the Snake Pit
 28437 | Snake:1  | Noticed Agnes
 28449 | Lair:4   | Killed Agnes
 29035 | Snake:1  | Reached skill level 9 in Evocations
 29360 | Snake:1  | Gained Zorug as an ally
 30149 | Snake:2  | Noticed Aizul
 30168 | Snake:2  | Killed Aizul
 30168 | Snake:2  | Reached skill level 7 in Dodging
 30511 | Snake:2  | Noticed Vashnia
 30525 | Snake:2  | Your ally Zorug died
 30623 | Snake:2  | Gained Korbok as an ally
 30629 | Snake:2  | Your ally Korbok died
 30630 | Snake:2  | Your ally Bogric died
 30646 | Snake:2  | Noticed a nagaraja
 30659 | Snake:2  | Killed a nagaraja
 30671 | Snake:2  | HP: 44/151 [naga sharpshooter/bolt (15)]
 30677 | Snake:2  | HP: 43/151 [poisoned by a naga (splash of poison)]
 30685 | Snake:2  | HP: 44/151 [poisoned by a naga (splash of poison)]
 30690 | Snake:2  | HP: 21/151 [poisoned by a naga (splash of poison)]
 30707 | Snake:2  | Gained Worak as an ally
 31368 | Snake:2  | Killed Vashnia
 31368 | Snake:2  | Reached skill level 16 in Fighting
 31385 | Snake:2  | Reached skill level 10 in Evocations
 31869 | Snake:3  | Reached XP level 17. HP: 107/158 MP: 26/26
 31870 | Snake:3  | Reached skill level 8 in Dodging
 33092 | Snake:3  | Reached skill level 11 in Evocations
 33766 | Shoals:1 | Entered Level 1 of the Shoals
 33837 | Lair:2   | Reached skill level 9 in Dodging
 35497 | Shoals:1 | Got a faintly humming cloak
 35508 | Shoals:1 | Identified the +0 cloak "Acwaul" {rElec rPois} (You acquired it on level 1 of the Shoals)
 35522 | Shoals:2 | Reached skill level 12 in Evocations
 35596 | Shoals:2 | Reached skill level 1 in Throwing
 35872 | Shoals:2 | Gained Grimold as an ally
 35887 | Shoals:2 | Reached skill level 2 in Throwing
 35887 | Shoals:2 | Reached skill level 10 in Dodging
 35924 | Shoals:2 | Gained Horkud as an ally
 36119 | Shoals:2 | HP: 47/158 [drowned by a water elemental (6)]
 36119 | Shoals:2 | Your ally Grimold died
 36120 | Shoals:2 | Killed from afar by a merfolk aquamancer

Vault maps used:
D:1:      lightli_arrival_quake
D:2:      lemuel_old_faithful
D:3:      lemuel_doored_altar, gammafunk_temple_overflow_pools,
          minmay_shallow_snake_nest, uniq_ijyb
D:4:      corexii_shack_village, nicolae_ossuary_entry_monument
D:5:      first_ration, basic_altar
D:7:      kennysheep_mini, minmay_temple_entry_overgrown
D:8:      grunt_decor_arrowhead
D:9:      erik_orc_4
D:11:     lair_entry_dummy, serial_shops, kennysheep_mini_moat,
          nicolae_shop_overgrown_old_shop, nicolae_shop_crystal,
          kennysheep_little_box, shop, the_bakery
D:12:     serial_glass, glass_columns_b, glass_columns_c, lemuel_flamethrower_1,
          uniq_rupert, uniq_maurice
D:13:     david_vaults_4
D:14:     cheibrodos_body_horror, special_room, guppyfry_shop_blood,
          uniq_louise, uniq_urug
D:15:     gammafunk_enter_depths_forms, serial_park_tiny_1,
          nicolae_transmutations_shop
Temple:   dpeg_five_rooms_temple
Lair:1:   special_room, uniq_fannar
Lair:2:   minmay_shoals_entry_hut, basic_altar, minmay_stone_trees_small,
          grunt_megastairs_4, serial_bayou_shore_b, serial_bayou_shore_b,
          serial_bayou_shore_a
Lair:3:   columned_hall_lemuel, patterned_corridor
Lair:4:   minmay_snake_entry_guardpost_small, minmay_lair_oklob_chamber
Lair:5:   slime_altar_1, serial_forest, infiniplex_forest_end_double,
          infiniplex_forest_end_3, infiniplex_forest_clump_diagonal,
          infiniplex_forest_clump_medium, infiniplex_forest_lined_1,
          infiniplex_forest_lined_ring, portal_ice_cave_entry_pillars_1,
          minivault_11
Lair:6:   evilmike_catoblepas_cave
Shoals:1: st_sunken_huts
Shoals:2: cheibrodos_shoals_roost
Snake:1:  uniq_agnes
Snake:2:  uniq_aizul, uniq_vashnia
Snake:3:  nicolae_sea_snake_s, serial_bayou_shore_b, serial_bayou_shore_b
Orc:1:    basic_altar, serial_shops, nicolae_shop_trees
Orc:2:    grunt_orc_gardens, grunt_orc_garden, grunt_orc_garden,
          grunt_orc_garden, grunt_orc_garden, bh_open_orc_temple, uniq_snorg
Ossuary:  ossuary_minmay_scorpions
IceCv:    ice_cave_tombish

Skill      XL: |  1  2  3  4  5  6  7  8  9 10 11 12 13 14 15 16 17 |
---------------+----------------------------------------------------+-----
Axes           | 3 4 5 6 8 9 11 14 16 18 | 18.6
Armour         | 4 5 6 7 9 10 12 13 14 15 16 | 16.0
Invocations    | 7 8 11 12 | 12.1
Fighting       | 7 10 12 14 16 | 16.1
Shields        | 4 |  4.0
Evocations     | 5 8 10 12 | 12.0
Dodging        | 5 7 10 | 10.0
Throwing       | 2 |  2.4

Action                   |  1- 3 |  4- 6 |  7- 9 | 10-12 | 13-15 | 16-18 || total
-------------------------+-------+-------+-------+-------+-------+-------++-------
Melee: War axe           |    98 |   285 |   517 |    92 |       |       ||   992
       Battleaxe         |       |       |       |   209 |       |       ||   209
       Trident           |       |       |       |    19 |    21 |       ||    40
       Broad axe         |       |       |       |   180 |  1038 |   934 ||  2152
 Fire: Hunting sling     |     5 |     4 |       |       |       |       ||     9
Throw: Tomahawk          |       |     2 |    16 |     7 |    21 |       ||    46
       Javelin           |       |       |       |       |       |     5 ||     5
Invok: Convert to Beogh  |       |     1 |       |       |       |       ||     1
       Smiting           |       |       |     1 |     8 |    14 |     3 ||    26
       Recall Orcish Fol |       |       |       |     1 |     5 |     2 ||     8
Evoke: Wand              |       |       |       |    13 |    13 |       ||    26
  Use: Scroll            |     1 |     5 |     9 |     9 |    10 |     6 ||    40
       Potion            |       |       |       |     1 |     2 |     1 ||     4
 Stab: Distracted        |       |       |       |     4 |     4 |     1 ||     9
       Petrified         |       |       |       |       |     3 |       ||     3
  Eat: Chunk             |       |     8 |     9 |    21 |    33 |    10 ||    81
       Ration            |       |       |     2 |     2 |     1 |     5 ||    10
Armor: Scale mail        |    56 |    61 |       |       |       |       ||   117
       Plate armour      |       |    81 |   215 |   367 |   635 |   335 ||  1633
Dodge: Dodged            |    25 |    47 |    53 |   139 |   271 |   233 ||   768
       Deflected         |       |       |       |       |       |    34 ||    34
Block: Shield            |    53 |   138 |   184 |    29 |       |       ||   404
       Buckler           |       |       |       |    24 |   131 |   106 ||   261

Table legend:
 A = Spawn XP
 B = Non-spawn XP
 C = Spawn XP percentage of total XP
 D = Spawn monster count
 E = Non-spawn monster count
 F = Spawn count percentage of total count
 G = Total turns spent on level
                    A         B        C        D         E        F      G
               +---------+---------+-------+---------+---------+-------+---------
         Total |       0 |  230245 |   0.0 |       0 |     924 |   0.0 | 36120
               +---------+---------+-------+---------+---------+-------+---------
           D:1 |       0 |      39 |   0.0 |       0 |      22 |   0.0 |   735
           D:2 |       0 |      87 |   0.0 |       0 |      16 |   0.0 |  1013
           D:3 |       0 |     270 |   0.0 |       0 |      45 |   0.0 |  1155
           D:4 |       0 |     219 |   0.0 |       0 |      22 |   0.0 |   837
           D:5 |       0 |     644 |   0.0 |       0 |      27 |   0.0 |  1045
           D:6 |       0 |    1616 |   0.0 |       0 |      38 |   0.0 |  1226
           D:7 |       0 |    1770 |   0.0 |       0 |      17 |   0.0 |   934
           D:8 |       0 |    1144 |   0.0 |       0 |      12 |   0.0 |   940
           D:9 |       0 |    1275 |   0.0 |       0 |      19 |   0.0 |   709
          D:10 |       0 |    6597 |   0.0 |       0 |      51 |   0.0 |  1254
          D:11 |       0 |    4056 |   0.0 |       0 |      37 |   0.0 |  1481
          D:12 |       0 |    8493 |   0.0 |       0 |      36 |   0.0 |   705
          D:13 |       0 |   11601 |   0.0 |       0 |      44 |   0.0 |   975
          D:14 |       0 |   15125 |   0.0 |       0 |      51 |   0.0 |  1391
          D:15 |       0 |   11750 |   0.0 |       0 |      28 |   0.0 |   793
        Lair:1 |       0 |    5315 |   0.0 |       0 |      36 |   0.0 |  1755
        Lair:2 |       0 |    7157 |   0.0 |       0 |      19 |   0.0 |  1693
        Lair:3 |       0 |    6671 |   0.0 |       0 |      22 |   0.0 |  1806
        Lair:4 |       0 |   15019 |   0.0 |       0 |      50 |   0.0 |  1878
        Lair:5 |       0 |   15147 |   0.0 |       0 |      49 |   0.0 |  1701
        Lair:6 |       0 |   18293 |   0.0 |       0 |      42 |   0.0 |  1649
      Shoals:1 |       0 |   13262 |   0.0 |       0 |      24 |   0.0 |  1159
      Shoals:2 |       0 |   12877 |   0.0 |       0 |      24 |   0.0 |   610
       Snake:1 |       0 |   16374 |   0.0 |       0 |      29 |   0.0 |  1861
       Snake:2 |       0 |   18331 |   0.0 |       0 |      27 |   0.0 |  1252
       Snake:3 |       0 |   19880 |   0.0 |       0 |      40 |   0.0 |  1888
         Orc:1 |       0 |    3294 |   0.0 |       0 |      19 |   0.0 |   647
         Orc:2 |       0 |    7797 |   0.0 |       0 |      21 |   0.0 |   989
       Ossuary |       0 |    1253 |   0.0 |       0 |      35 |   0.0 |  1315
         IceCv |       0 |    4889 |   0.0 |       0 |      22 |   0.0 |   481
               +---------+---------+-------+---------+---------+-------+---------

Table legend:
 A = Turns spent in this place as a percentage of turns spent in the entire game.
 B = Non-inter-level travel turns spent in this place as a percentage of non-inter-level travel turns spent in the entire game.
 C = Inter-level travel turns spent in this place as a percentage of turns spent in this place.
 D = Turns resting spent in this place as a percentage of non-inter-level travel turns spent in this place.
 E = Turns spent auto-exploring this place as a percentage of non-inter-level travel turns spent in this place.
 F = Non-inter-level travel turns spent in this place divided by the number of levels of this place that you've seen.
                   A       B       C       D       E      F
               +-------+-------+-------+-------+-------+----------------------
         Total | 100.0 | 100.0 |   5.5 |  27.7 |  37.6 | 1101.6
       Dungeon |  42.1 |  41.9 |   5.9 |  21.4 |  44.6 | 953.3
        Temple |   0.7 |   0.6 |  19.8 |   0.0 |  98.5 | 195.0
          Lair |  29.0 |  28.9 |   5.9 |  33.0 |  34.6 | 1644.5
        Shoals |   4.9 |   5.1 |   1.2 |  35.5 |  27.7 | 874.0
     Snake Pit |  13.8 |  13.9 |   5.2 |  30.7 |  41.3 | 1579.7
  Orcish Mines |   4.5 |   4.4 |   7.9 |  15.3 |  28.7 | 753.5
       Ossuary |   3.6 |   3.9 |   0.0 |  57.9 |   0.0 | 1315.0
      Ice Cave |   1.3 |   1.4 |   0.0 |  16.2 |   0.0 | 481.0
               +-------+-------+-------+-------+-------+----------------------

Vault maps used:
D:1:      lightli_arrival_quake
D:2:      lemuel_old_faithful
D:3:      lemuel_doored_altar, gammafunk_temple_overflow_pools,
          minmay_shallow_snake_nest, uniq_ijyb
D:4:      corexii_shack_village, nicolae_ossuary_entry_monument
D:5:      first_ration, basic_altar
D:7:      kennysheep_mini, minmay_temple_entry_overgrown
D:8:      grunt_decor_arrowhead
D:9:      erik_orc_4
D:11:     lair_entry_dummy, serial_shops, kennysheep_mini_moat,
          nicolae_shop_overgrown_old_shop, nicolae_shop_crystal,
          kennysheep_little_box, shop, the_bakery
D:12:     serial_glass, glass_columns_b, glass_columns_c, lemuel_flamethrower_1,
          uniq_rupert, uniq_maurice
D:13:     david_vaults_4
D:14:     cheibrodos_body_horror, special_room, guppyfry_shop_blood,
          uniq_louise, uniq_urug
D:15:     gammafunk_enter_depths_forms, serial_park_tiny_1,
          nicolae_transmutations_shop
Temple:   dpeg_five_rooms_temple
Lair:1:   special_room, uniq_fannar
Lair:2:   minmay_shoals_entry_hut, basic_altar, minmay_stone_trees_small,
          grunt_megastairs_4, serial_bayou_shore_b, serial_bayou_shore_b,
          serial_bayou_shore_a
Lair:3:   columned_hall_lemuel, patterned_corridor
Lair:4:   minmay_snake_entry_guardpost_small, minmay_lair_oklob_chamber
Lair:5:   slime_altar_1, serial_forest, infiniplex_forest_end_double,
          infiniplex_forest_end_3, infiniplex_forest_clump_diagonal,
          infiniplex_forest_clump_medium, infiniplex_forest_lined_1,
          infiniplex_forest_lined_ring, portal_ice_cave_entry_pillars_1,
          minivault_11
Lair:6:   evilmike_catoblepas_cave
Shoals:1: st_sunken_huts
Shoals:2: cheibrodos_shoals_roost
Snake:1:  uniq_agnes
Snake:2:  uniq_aizul, uniq_vashnia
Snake:3:  nicolae_sea_snake_s, serial_bayou_shore_b, serial_bayou_shore_b
Orc:1:    basic_altar, serial_shops, nicolae_shop_trees
Orc:2:    grunt_orc_gardens, grunt_orc_garden, grunt_orc_garden,
          grunt_orc_garden, grunt_orc_garden, bh_open_orc_temple, uniq_snorg
Ossuary:  ossuary_minmay_scorpions
IceCv:    ice_cave_tombish
